 Dungeon Crawl Stone Soup version 0.20-a0-540-ge6d1839 (webtiles) character file.

9191 nikopol the Cleaver (level 11, -7/69 HPs)
             Began as a Gargoyle Berserker on Jan 28, 2017.
             Was a High Priest of Trog.
             Mangled by a two-headed ogre
             ... wielding a +0 giant club
              (11 damage)
             ... on level 11 of the Dungeon on Jan 29, 2017.
             The game lasted 00:37:53 (11315 turns).

nikopol the Cleaver (Gargoyle Berserker)           Turns: 11315, Time: 00:37:53

Health: -7/69      AC: 28    Str: 21    XL:     11   Next: 42%
Magic:  11/11      EV:  9    Int:  8    God:    Trog [*****.]
Gold:   1037       SH:  0    Dex: 12    Spells: 10/10 levels left

rFire    + . .     SeeInvis .   z - +2 shortbow (flame)
rCold    . . .     Gourm    .   r - +2 plate armour {MR+}
rNeg     + . .     Faith    .   (shield currently unavailable)
rPois    ∞         Spirit   .   (no helmet)
rElec    +         Reflect  .   B - +1 cloak
rCorr    .         Harm     .   (no gloves)
MR       +....                  l - +1 pair of boots
Stlth    ..........             (no amulet)
Regen    0.3/turn               D - ring of protection from fire
                                C - +1 ring of protection

@: exhausted, slowed, very slow
A: negative energy resistance 1, electricity resistance, unbreathing,
petrification resistance, rot immunity, AC +7
a: Berserk, Trog's Hand, Brothers in Arms, Burn Spellbooks, Renounce Religion


You were on level 11 of the Dungeon.
You worshipped Trog.
Trog was extremely pleased with you.
You were hungry.

You visited 1 branch of the dungeon, and saw 11 of its levels.
You also visited: Bailey.

You collected 1037 gold pieces.

Inventory:

Hand Weapons
 a - a +1 war axe
 e - a +3 hand axe
 z - a +2 shortbow of flaming (weapon)
Missiles
 f - 117 arrows (quivered)
Armour
 k - a +0 scale mail
 l - a +1 pair of boots (worn)
 r - a +2 plate armour of magic resistance (worn)
 B - a +1 cloak (worn)
Jewellery
 C - a +1 ring of protection (left hand)
 D - a ring of protection from fire (right hand)
 G - an uncursed ring of resist corrosion {unknown}
 J - an uncursed ring of magical power {unknown}
Wands
 o - a wand of disintegration (9/24)
Scrolls
 b - a scroll of noise
 d - 5 scrolls of remove curse
 g - a scroll of fear
 i - 3 scrolls of enchant weapon
 m - 9 scrolls of identify
 s - 2 scrolls of teleportation
 u - a scroll of summoning {unknown}
 v - a scroll of fog
 w - 2 scrolls of enchant armour
 y - a scroll of random uselessness {unknown}
 E - 2 scrolls of brand weapon {unknown}
 I - a scroll of amnesia {unknown}
 M - 2 scrolls of immolation {unknown}
Potions
 j - 9 potions of curing
 n - 3 potions of heal wounds {unknown}
 p - 4 potions of might {unknown}
 q - a potion of magic {unknown}
 t - 2 potions of ambrosia {unknown}
 x - a potion of haste {unknown}
 A - a potion of beneficial mutation {unknown}
 F - a potion of agility {unknown}
 H - 2 potions of brilliance {unknown}
Books
 K - a book of Cantrips

   Spells                             Type                      Level
   a - Confusing Touch                Hexes                        1
   b - Animate Skeleton               Necromancy                   1
   c - Summon Small Mammal            Summoning                    1
   d - Apportation                    Translocation                1
   Trog disapproves of the use of such an item.
Comestibles
 c - 10 bread rations
 h - 6 royal jellies
 L - a meat ration


   Skills:
 + Level 8.6 Fighting
 * Level 8.8 Axes
 * Level 8.4 Bows
 + Level 8.2 Armour
 + Level 6.2 Dodging


You had 10 spell levels left.
You didn't know any spells.

Dungeon Overview and Level Annotations

Branches:
Dungeon (11/15)            Temple (0/1) D:6
   Lair: D:8-11         Orc: D:9-12

Altars:
Ashenzari
Dithmenos
Elyvilon
Fedhas
Hepliaklqana
Okawaru
Ru
Sif Muna
Uskayaw
Vehumet
Yredelemnul
Zin

Shops:
D:4 *   D:6 }=*(%   D:8 *

Annotations:
D:8 1 runed door
D:11 Erolcha; Josephine; PeterMcNeter's ghost, journeyman TrBe; graki42's ghost, journeyman DEFE


Innate Abilities, Weirdness & Mutations

You are resistant to torment.
Your stone body is resilient. (AC +7)
You are immune to poison.
You resist negative energy. (rN+)
You are resistant to electric shocks. (rElec)
You can survive without breathing.
You are immune to petrification.
You are immune to rotting.


Message History

An orc warrior comes into view. It is wielding a mace.
The orc warrior shouts!
An orc comes into view. It is wielding an enchanted falchion.
The orc shouts!
Found 20 arrows.
An orc comes into view. It is wielding a flail.
Wield which item (- for none, * to show all)? (? for menu, Esc to quit)
Your +2 shortbow of flaming bursts into flame!
z - a +2 shortbow of flaming (weapon)
The orc shouts!
You are too injured to fight recklessly!
An orc, a two-headed ogre and a player ghost come into view.
The orc shouts!
Graki42's ghost turns its malevolent gaze towards you.
A cyclops, a wraith, Erolcha and Josephine come into view.
Josephine shouts!
Erolcha shouts!
The cyclops shouts!
The two-headed ogre hits you but does no damage.
The two-headed ogre barely misses you.
The two-headed ogre hits you with a giant club!
You die...

#P......# ##.
#P......# ...
#.....# .C##
##...###...'
#..o#...#(#
#...oo.W..#
#####o########
#.OO..@W.#
#.@#####.#
#..# #..# #...
##.# #.# #.#
#..


You could see Josephine, a two-headed ogre, Erolcha, a wraith, an orc warrior
and 3 orcs.

Vanquished Creatures
  A hydra (D:9)
  Harold (D:11)
  A two-headed ogre (D:8)
  2 ugly things (D:11)
  A troll (D:7)
  A hornet (D:8)
  Prince Ribbit (D:6)
  2 hippogriffs
  A spriggan (D:9)
  3 yaks (D:9)
  Duvessa (D:5)
  A hornet zombie (D:9)
  3 sky beasts
  2 black bears
  7 orc warriors
  An ice beast (D:9)
  A phantom (D:4)
  5 ogres
  4 centaurs
  Blork the orc (D:6)
  10 bullfrogs
  Dowan (D:5)
  A wyvern skeleton (D:9)
  5 wights
  2 electric eels (D:7)
  2 howler monkeys (D:9)
  3 crimson imps
  A quasit (D:8)
  A centaur skeleton (D:5)
  7 hounds
  2 jellies
  6 orc priests
  Crazy Yiuf (D:5)
  A bullfrog skeleton (D:10)
  2 iguanas
  Natasha (thrice) (D:2)
  10 orc wizards
  6 worker ants
  A hound skeleton (D:6)
  2 howler monkey zombies
  A worker ant zombie (D:9)
  9 adders
  2 shadow imps
  An ooze (D:3)
  3 worms
  A dart slug (D:3)
  7 leopard geckos
  33 orcs
  4 bats
  5 giant cockroaches
  6 goblins
  7 hobgoblins
  18 jackals
  22 kobolds
  2 quokkas
  2 ball pythons
  6 frilled lizards
  A giant cockroach zombie (D:6)
  A jackal skeleton (D:8)
  A leopard gecko zombie (D:5)
  5 rats
  A bush (D:1)
245 creatures vanquished.

Vanquished Creatures (others)
  31 plants
31 creatures vanquished.

Grand Total: 276 creatures vanquished

Notes
Turn   | Place    | Note
-------+----------+-------------------------------------------
     0 | D:1      | nikopol the Gargoyle Berserker began the quest for the Orb.
     0 | D:1      | Reached XP level 1. HP: 14/14 MP: 1/1
   134 | D:1      | Reached XP level 2. HP: 4/19 MP: 2/2
   751 | D:1      | Reached XP level 3. HP: 14/23 MP: 3/3
   905 | D:1      | Reached ** piety under Trog
  1219 | D:1      | Reached XP level 4. HP: 6/29 MP: 4/4
  1728 | D:2      | Noticed Natasha
  1738 | D:2      | Killed Natasha
  1738 | D:2      | Reached XP level 5. HP: 23/33 MP: 5/5
  1905 | D:2      | Noticed Natasha
  1925 | D:2      | Killed Natasha
  1974 | D:2      | Noticed Natasha
  1983 | D:2      | Killed Natasha
  2677 | D:2      | Found a blossoming altar of Fedhas.
  2884 | D:2      | Found an iron altar of Okawaru.
  3006 | D:3      | Reached XP level 6. HP: 36/39 MP: 6/6
  3230 | D:3      | Reached *** piety under Trog
  3688 | D:4      | Found a shattered altar of Ashenzari.
  3745 | D:4      | Reached skill level 5 in Fighting
  3745 | D:4      | Reached XP level 7. HP: 44/44 MP: 7/7
  4021 | D:4      | Found Zin's Purification Station.
  4021 | D:4      | Found a glowing silver altar of Zin.
  4105 | D:5      | Entered Level 5 of the Dungeon
  4398 | D:5      | Noticed Duvessa
  4399 | D:5      | Noticed Dowan
  4411 | D:5      | Killed Duvessa
  4411 | D:5      | Reached skill level 5 in Axes
  4411 | D:5      | Reached skill level 1 in Bows
  4411 | D:5      | Reached XP level 8. HP: 34/50 MP: 8/8
  4412 | D:5      | Killed Dowan
  4412 | D:5      | Reached skill level 5 in Armour
  4527 | D:5      | Found a runed door.
  4532 | D:5      | Noticed Crazy Yiuf
  4540 | D:5      | Killed Crazy Yiuf
  4636 | D:6      | Found Reprolat's Jewellery Emporium.
  4688 | D:6      | Found Koleamaco's Gadget Shoppe.
  4751 | D:6      | Found a hide-covered altar of Uskayaw.
  4768 | D:6      | Reached **** piety under Trog
  4896 | D:6      | Found Zunifuba's Antique Weapon Emporium.
  5030 | D:6      | Noticed Blork the orc
  5042 | D:6      | Killed Blork the orc
  5133 | D:6      | Noticed Prince Ribbit
  5144 | D:6      | Killed Prince Ribbit
  5223 | D:6      | Reached XP level 9. HP: 46/56 MP: 9/9
  5245 | D:6      | Found Ustred's Food Emporium.
  5343 | D:6      | Found a staircase to the Ecumenical Temple.
  5569 | D:6      | Found Jykkov's Assorted Antiques.
  5703 | D:7      | Found a radiant altar of Vehumet.
  5719 | D:7      | Noticed a troll
  5732 | D:7      | Killed a troll
  5901 | D:7      | Found a shadowy altar of Dithmenos.
  6032 | D:7      | Reached skill level 5 in Bows
  6267 | D:7      | Found a deep blue altar of Sif Muna.
  6519 | D:7      | Found a hazy altar of Hepliaklqana.
  6616 | D:7      | Upgraded the game from 0.20-a0-537-g052e6ba to 0.20-a0-540-ge6d1839
  6624 | D:7      | Reached skill level 5 in Dodging
  6932 | D:8      | Found a runed door.
  6937 | D:8      | Found a basalt altar of Yredelemnul.
  7040 | D:8      | Found a blossoming altar of Fedhas.
  7192 | D:8      | Received a gift from Trog
  7385 | D:8      | Found Anaask's Assorted Antiques.
  7509 | D:8      | Noticed a two-headed ogre
  7526 | D:8      | Killed a two-headed ogre
  7526 | D:8      | Reached XP level 10. HP: 8/63 MP: 10/10
  8327 | D:9      | Got a warped lapis lazuli ring
  8329 | D:9      | Identified the ring "Haptu" {rPois Int+6} (You found it on level 9 of the Dungeon)
  8533 | D:9      | Noticed an eight-headed hydra
  8542 | D:9      | Killed an eight-headed hydra
  8970 | D:9      | Found a white marble altar of Elyvilon.
  9381 | D:9      | Reached XP level 11. HP: 63/68 MP: 11/11
  9519 | D:10     | Entered Level 10 of the Dungeon
  9546 | D:10     | Reached ***** piety under Trog
  9651 | D:10     | Found a flagged portal.
  9669 | Bailey   | Entered a bailey
  9942 | Bailey   | Found an iron altar of Okawaru.
 10101 | D:10     | Found a sacrificial altar of Ru.
 10592 | D:10     | Received a gift from Trog
 10751 | D:11     | Noticed Harold
 10765 | D:11     | Killed Harold
 10794 | D:11     | Noticed a cyan ugly thing
 10826 | D:11     | Killed a cyan ugly thing
 10967 | D:11     | Noticed a red ugly thing
 10979 | D:11     | Killed a red ugly thing
 11140 | D:11     | Noticed PeterMcNeter's ghost (journeyman TrBe)
 11308 | D:11     | HP: 2/69 [PeterMcNeter's ghost (15)]
 11312 | D:11     | Noticed a two-headed ogre
 11312 | D:11     | Noticed graki42's ghost (journeyman DEFE)
 11313 | D:11     | Noticed Josephine
 11313 | D:11     | Noticed Erolcha
 11313 | D:11     | Noticed a cyclops
 11315 | D:11     | Mangled by a two-headed ogre

Vault maps used:
D:1:      scummos_arrival_checkerplants, minmay_hedge_maze,
          grunt_decor_one_mirror, minmay_tromino_v4_c
D:2:      nicolae_overflow_hidden_temple, lemuel_crystal_altar, uniq_natasha
D:3:      grunt_decor_resistance
D:4:      cheibrodos_ashenzari_chains, zin_purify, first_bread,
          wad_floor_pattern_untrapped
D:5:      uniq_crazy_yiuf_cottage, uniq_duvessa
D:6:      lemuel_crystal_altar, minmay_temple_entry_hall, serial_shops,
          nicolae_shop_temple_entry_statues_fountains, nicolae_shop_waterfront,
          shop_fountains, shop, nicolae_shop_window_shopping,
          uniq_prince_ribbit1, uniq_blork_the_orc
D:7:      gammafunk_temple_overflow_forgotten, kennysheep_little_box,
          serial_bayou_ford_a, minmay_checkerbox
D:8:      serial_shops, kennysheep_mini, basic_altar, dk_yredelemnul_ordeal
D:9:      elyvilon_altar_3, the_bakery
D:10:     enter_bailey_2, corexii_checkpoint_a, nicolae_ru_awakened_eye
D:11:     david_lair_shrubbed, david_orc_4, uniq_snorg, uniq_josephine,
          uniq_harold, uniq_erolcha
Bailey:   bailey_axe_3, bailey

Skill      XL: |  1  2  3  4  5  6  7  8  9 10 11 |
---------------+----------------------------------+-----
Dodging        | 2 3 4 5 6 |  6.2
Axes           | 3 4 5 7 8 |  8.8
Armour         | 3 4 5 6 7 8 |  8.2
Fighting       | 4 5 6 7 8 |  8.6
Bows           | 1 3 6 7 8 |  8.4

Action                   |  1- 3 |  4- 6 |  7- 9 | 10-12 || total
-------------------------+-------+-------+-------+-------++-------
Melee: Hand axe          |   204 |   221 |       |       ||   425
       War axe           |       |    56 |   255 |   233 ||   544
       Unarmed           |       |       |    36 |       ||    36
 Fire: Shortbow          |       |       |   144 |   176 ||   320
Invok: Berserk           |       |     1 |     2 |     4 ||     7
  Use: Scroll            |       |       |       |    10 ||    10
 Stab: Sleeping          |     1 |       |       |       ||     1
  Eat: Chunk             |     1 |    10 |    13 |    10 ||    34
       Bread ration      |       |       |       |     1 ||     1
       Royal jelly       |       |       |       |     1 ||     1
Armor: Animal skin       |    35 |     4 |       |       ||    39
       Scale mail        |       |   120 |   194 |    93 ||   407
       Plate armour      |       |       |       |    46 ||    46
Dodge: Dodged            |    77 |   162 |   220 |   116 ||   575
